 Dungeon Crawl Stone Soup version 0.28.0 (webtiles) character file.

Game seed: 1417932157133580240

436 Hasart the Insei (level 7, -6/45 HPs)
             Began as an Octopode Transmuter on Feb 15, 2022.
             Mangled by an ogre (30 damage)
             ... on level 4 of the Dungeon.
             The game lasted 00:14:22 (5821 turns).

Hasart the Insei (Octopode Transmuter)              Turns: 5821, Time: 00:14:22

Health: -6/45      AC:  6    Str: 10    XL:     7   Next: 1%
Magic:  8/11       EV: 20    Int: 17    God:
Gold:   232        SH:  5    Dex: 17    Spells: 3/12 levels left

rFire   . . .      SeeInvis +     - Unarmed
rCold   . . .      Faith    .   (shield currently unavailable)
rNeg    . . .      Spirit   .   (helmet currently unavailable)
rPois   x          Reflect  +   j - amulet of reflection
rElec   .          Harm     .   l - +4 ring of protection
rCorr   .          Rampage  .   p - ring of see invisible
Will    .....                   (no ring)
Stlth   ++........              (no ring)
HPRegen 0.15/turn               (no ring)
MPRegen 0.12/turn               (no ring)
                                (no ring)
                                (no ring)

@: spider-form (expiring)
A: venomous fangs, almost no armour, (amphibious), 8 rings, tiny, (camouflage
1), (gelatinous body 1), (nimble swimmer 1), (tentacles)
a: End Transformation


You were on level 4 of the Dungeon.
You were a venomous arachnid creature.
You visited 1 branch of the dungeon, and saw 5 of its levels.
You also visited: Sewer.

You collected 256 gold pieces.
You spent 24 gold pieces at shops.

Inventory:

Jewellery
 j - an amulet of reflection (around neck)
 l - a +4 ring of protection (left front leg)
 p - a ring of see invisible (right front leg)
Wands
 e - a wand of charming (9)
 q - a wand of mindburst (16)
Scrolls
 a - a scroll of identify
 b - 3 scrolls of amnesia
 f - a scroll of enchant armour {unknown}
 g - a scroll of blinking {unknown}
 i - a scroll of vulnerability {unknown}
 n - 3 scrolls of fear
 o - a scroll of acquirement {unknown}
Potions
 c - 6 potions of curing
 h - a potion of attraction {unknown}
 k - a potion of degeneration {unknown}
 m - 2 potions of flight


   Skills:
 + Level 2.6 Fighting
 + Level 3.2 Dodging
 * Level 4.8 Unarmed Combat
 + Level 3.0 Spellcasting
 + Level 3.2 Transmutations
 + Level 0.3 Ice Magic
 + Level 2.5 Poison Magic


You had 3 spell levels left.
You knew the following spells:

 Your Spells              Type           Power      Damage    Failure   Level
b - Wereblood             Tmut           13%        N/A       19%         2
c - Spider Form           Tmut/Pois      12%        N/A       34%         3
d - Ice Form              Ice/Tmut       8%         N/A       82%         4

Your spell library contained the following spells:

 Spells                   Type           Power      Damage    Failure   Level
 Beastly Appendage        Tmut           26%        N/A       14%         1
 Passwall                 Tmut/Erth      6%         N/A       32%         2
 Magic Dart               Conj           8%         1d3       36%         1
 Sandblast                Erth           4%         2d4       36%         1
 Searing Ray              Conj           4%         2d4       47%         2
 Stone Arrow              Conj/Erth      4%         3d7       67%         3
 Fulminant Prism          Conj/Hex       1%         3d6       95%         4


Dungeon Overview and Level Annotations

Branches:
Dungeon (5/15)              Sewer (visited)
 Temple: D:4-7

Altars:
Dithmenos
Elyvilon
Yredelemnul

Shops:
D:3 *


Innate Abilities, Weirdness & Mutations

You are a venomous arachnid creature.
You have poisonous fangs.
You are tiny and dextrous.
Your spellcasting is less reliable in this form.
Your armour is entirely melded.
You are incapable of wielding weapons or throwing items.
You cannot wear most types of armour.
((You are amphibious.))
You can wear up to eight rings at the same time.
((Your skin changes colour to match your surroundings (Stealth+).))
((Your rubbery body absorbs attacks. (AC +1, EV +1)))
((You are camouflaged when in or above water. (Stealth+)))
((You have tentacles for arms and can constrict up to eight enemies at once.))


Message History

You assume a fearsome visage.
The wyvern zombie is unaffected.
The ogre looks frightened!
Unknown command.
You open the door.
Cornered, the ogre turns to fight!
There is an open door here.
As you close the door, it creaks loudly!
An ogre opens the door.
Found a sapphire potion and 5 poisoned darts.
An orc comes into view. It is wielding a +0 trident.
An orc comes into view. It is wielding a +0 hand axe.
The orc shouts!
An orc comes into view. It is wielding a +0 flail.
There is a stone staircase leading up here.
The ogre hits you with a +0 giant club!
* * * LOW HITPOINT WARNING * * *
You climb upwards.
There is a stone staircase leading down here.
You see here a +0 club.
There is an open door here.
Things that are here:
a +2 leather armour of willpower; a +0 club; a +0 dagger
There is a shadowy altar of Dithmenos here.
There is an open door here.
You see here a +0 club.
There is an open door here.
Things that are here:
a +2 leather armour of willpower; a +0 club; a +0 dagger
There is a shadowy altar of Dithmenos here.
There is an open door here.
You see here a +0 club.
Items here: )) [[.
Casting: Wereblood (safe; 7% risk of failure)
Confirm with . or Enter, or press ? or * to list all spells.
You turn into a venomous arachnid creature.
Your transformation is almost over.
You hit the ogre.
The ogre is poisoned.
The ogre is moderately wounded.
The ogre hits you with a +0 giant club!!
Ouch! That really hurt!
You die...

#.# ###..........# #.#
##............#
#.######.............#
#.##.....#####.......#
#[#..#####...#####)..#
#.#..'....._.....[[..#
#....#####...#####.#.#
######.#......#####.....#.###
#...........sO..........(....
#.####.......................
#.# ###....####.............
#.# #....# #######.....## #.#
###### #...........# #.#
######.#####.....# #.#
#......# #.....#
#.#########......# #.....#
#.#..............#####.....#


You could see an ogre (poisoned).

Vanquished Creatures
  A kobold brigand (Sewer)
  2 orc priests
  2 hounds
  A jelly (D:4)
  An iguana (D:5)
  A hound skeleton (D:4)
  A gnoll (D:1)
  5 adders
  A river rat (Sewer)
  A white imp (D:5)
  An ufetubus (D:5)
  An adder skeleton (D:4)
  2 dart slugs (D:4)
  17 orcs
  5 ball pythons
  7 endoplasms
  2 giant cockroaches (D:1)
  4 hobgoblins
  9 jackals
  9 kobolds
  8 bats
  5 goblins
  4 rats
90 creatures vanquished.

Vanquished Creatures (collateral kills)
  A jackal (Sewer)
1 creature vanquished.

Grand Total: 91 creatures vanquished

Notes
Turn   | Place    | Note
-------+----------+-------------------------------------------
     0 | D:1      | Hasart the Octopode Transmuter began the quest for the Orb.
     0 | D:1      | Reached XP level 1. HP: 13/13 MP: 3/3
    27 | D:1      | Found a faded altar of an unknown god.
   383 | D:1      | Reached XP level 2. HP: 17/18 MP: 5/5
   414 | D:1      | Learned a level 2 spell: Wereblood
   870 | D:1      | Reached XP level 3. HP: 10/23 MP: 4/6
  1249 | D:1      | Learned a level 3 spell: Spider Form
  1852 | D:2      | Found a basalt altar of Yredelemnul.
  2602 | D:3      | HP: 1/23 [poisoned by miscasting Spider Form]
  2613 | D:3      | Reached XP level 4. HP: 16/29 MP: 4/7
  2682 | D:3      | Reached skill level 1 in Poison Magic
  2737 | D:3      | Found a glowing drain.
  2841 | Sewer    | Entered a sewer
  2849 | Sewer    | Reached skill level 4 in Unarmed Combat
  2849 | Sewer    | Reached XP level 5. HP: 22/34 MP: 4/8
  2981 | Sewer    | Noticed a kobold brigand
  3050 | Sewer    | Killed a kobold brigand
  3065 | Sewer    | Found a white marble altar of Elyvilon.
  3677 | D:3      | Found Wysooc's Assorted Antiques.
  3680 | D:3      | Bought a scroll labelled ENISCH WEMUSEDE for 24 gold pieces
  3810 | D:3      | You fall into a shaft and drop 1 floor!
  4025 | D:4      | Reached XP level 6. HP: 35/39 MP: 8/10
  4197 | D:4      | Found a shadowy altar of Dithmenos.
  5001 | D:4      | Found a white marble altar of Elyvilon.
  5427 | D:5      | Entered Level 5 of the Dungeon
  5506 | D:5      | Learned a level 4 spell: Ice Form
  5622 | D:5      | Reached XP level 7. HP: 45/45 MP: 6/11
  5821 | D:4      | Mangled by an ogre

Illustrated notes

Levels and vault maps discovered:
D:1:      tarquinn_simple_flora_water_a, layout_basic,
          hellmonk_ecumenical_altar_pennies_from_heaven, serial_glass,
          glass_columns_a, glass_columns_a, glass_columns_c, glass_columns_a,
          glass_columns_a, chequers_jeans, minmay_door_square,
          nicolae_grassy_gnolls
D:2:      layout_basic, basic_altar
D:3:      layout_rooms, portal_sewer_entry_d, serial_shops, shop
D:4:      layout_basic, mainiacjoe_overflow_surrounded_room,
          nicolae_elyvilon_peaceful_grove, eino_tiny_chamber
D:5:      cheibrodos_iron_armory, layout_basic, kennysheep_generic_room_6

Skill      XL: |  1  2  3  4  5  6 |
---------------+-------------------+-----
Poison Magic   | 1 2 |  2.5
Unarmed Combat | 4 |  4.8
Fighting       | 2 |  2.6
Transmutations | 3 |  3.2
Dodging        | 3 |  3.2
Spellcasting   | 3 |  3.0
Ice Magic      | |  0.3

Action                   |  1- 3 |  4- 6 |  7- 9 || total
-------------------------+-------+-------+-------++-------
Melee: Unarmed           |    67 |   141 |     3 ||   211
       Tentacles         |    23 |    26 |       ||    49
       Constrict         |    16 |    32 |       ||    48
       Kick              |     3 |     4 |       ||     7
       Punch             |     1 |     6 |       ||     7
 Cast: Beastly Appendage |     3 |     5 |       ||     8
       Wereblood         |     1 |     6 |       ||     7
       Spider Form       |       |     4 |     1 ||     5
Evoke: Wand              |       |     1 |       ||     1
  Use: Potion            |     2 |       |       ||     2
       Scroll            |       |       |     4 ||     4
 Stab: Sleeping          |     2 |     6 |       ||     8
       Invisible         |       |     1 |       ||     1
       Distracted        |       |     1 |       ||     1
Armor: Skin              |     6 |    25 |     1 ||    32
Dodge: Dodged            |    44 |    48 |     3 ||    95
Block: Other             |     4 |    19 |     1 ||    24
       Reflection        |       |     1 |       ||     1
